 Dungeon Crawl Stone Soup version 0.30-a0-381-g6ea064c7b4 (webtiles) character file.

Game seed: 13466179739751920405

9550 NinjaNoafa the Marksspriggan (level 11, -5/49 HPs)
             Began as a Spriggan Hunter on Dec 1, 2022.
             Was an Initiate of Gozag.
             Killed from afar by an acid dragon (13 damage)
             ... with a splash of acid
             ... while petrified by a basilisk
             ... on level 11 of the Dungeon on Dec 2, 2022.
             The game lasted 00:27:13 (12404 turns).

NinjaNoafa the Marksspriggan (Spriggan Hunter)     Turns: 12404, Time: 00:27:14

Health: -5/49      AC:  2    Str:  7    XL:     11   Next: 24%
Magic:  12/12      EV:  4    Int: 11    God:    Gozag
Gold:   1667       SH:  0    Dex: 35    Spells: 10/10 levels left

rFire   . . .      SeeInvis +    q - +8 arbalest (drain)
rCold   . . .      Faith    .    (shield currently unavailable)
rNeg    + + +      Spirit   .    c - +0 robe
rPois   ∞          Reflect  .    (helmet restricted)
rElec   .          Harm     +    f - scarf {harm}
rCorr   .          Rampage  .    (gloves unavailable)
Will    +....                    (boots unavailable)
Stlth   ++++......               B - amulet of the acrobat
HPRegen 0.28/turn                Q - +6 ring of dexterity
MPRegen 0.13/turn                L - +6 ring of dexterity

@: petrified, gold aura, studying Axes, very quick
A: very small, no large weapons, unfitting armour, see invisible, speed 3
a: Renounce Religion, Potion Petition, Call Merchant, Bribe Branch


You were on level 11 of the Dungeon.
You worshipped Gozag.
Gozag was most pleased with you.
You visited 2 branches of the dungeon, and saw 13 of its levels.
You also visited: Ossuary.

You collected 1890 gold pieces.
You spent 119 gold pieces at shops.
You paid 104 gold pieces to Gozag.

Inventory:

Hand Weapons
 q - a +8 arbalest of draining (weapon)
Missiles
 d - 91 stones
 p - 34 poisoned darts
 s - 2 throwing nets
 t - 6 datura-tipped darts
 N - a boomerang
 S - a curare-tipped dart
Armour
 c - a +0 robe (worn)
 f - a scarf of harm (worn)
Jewellery
 B - an amulet of the acrobat (around neck)
 C - a ring of protection from cold
 L - a +6 ring of dexterity (right hand)
 Q - a +6 ring of dexterity (left hand)
Wands
 b - a wand of polymorph (5)
 M - a wand of paralysis (2)
 O - a wand of roots (5)
Scrolls
 g - 3 scrolls of fear
 i - 3 scrolls of blinking
 n - 7 scrolls of teleportation
 r - a scroll of amnesia
 u - 4 scrolls of butterflies
 z - 3 scrolls of enchant armour {unknown}
 E - a scroll of brand weapon {unknown}
 F - 3 scrolls of poison {unknown}
 I - a scroll of noise {unknown}
 J - 3 scrolls of summoning {unknown}
 K - a scroll of torment {unknown}
 T - 2 scrolls of vulnerability {unknown}
Potions
 e - 2 potions of haste
 h - 2 potions of curing {unknown}
 j - 4 potions of degeneration
 k - 2 potions of attraction
 l - 2 potions of lignification {unknown}
 o - 2 potions of might
 v - a potion of flight
 w - 2 potions of ambrosia
 x - 2 potions of resistance {unknown}
 A - 2 potions of brilliance {unknown}
 D - a potion of invisibility {unknown}
 G - a potion of cancellation {unknown}
 H - 3 potions of heal wounds {unknown}
 U - a potion of berserk rage {unknown}
Miscellaneous
 R - a piece from Xom's chessboard (15/15)
 W - a phial of floods


   Skills:
 - Level 1.5 Fighting
 + Level 15.5 Ranged Weapons
 - Level 10.0 Dodging
 - Level 5.0 Stealth
 - Level 5.0 Evocations


You had 10 spell levels left.
You didn't know any spells.
Your spell library contained the following spells:

 Spells                   Type           Power      Damage    Failure   Level
 Freeze                   Ice            0%         1d3       34%         1
 Sandblast                Erth           0%         2d4       34%         1
 Passwall                 Tmut/Erth      0%         N/A       47%         2
 Frozen Ramparts          Ice            0%         1d1       71%         3
 Hailstorm                Conj/Ice       0%         3d3       71%         3
 Stone Arrow              Conj/Erth      0%         3d7       71%         3
 Vhi's Electric Charge    Tloc/Air       0%         N/A       71%         3
 Airstrike                Air            0%         2d(0-16)  98%         4
 Animate Armour           Summ/Erth      0%         N/A       98%         4
 Borgnjor's Vile Clutch   Necr/Erth      0%         N/A       100%        5
 Death Channel            Necr           0%         N/A       100%        6
 Storm Form               Tmut/Air       0%         N/A       100%        7
 Lehudib's Crystal Spear  Conj/Erth      0%         10d2      100%        8
 Animate Dead             Necr           Unusable   N/A       N/A         4

Dungeon Overview and Level Annotations

Branches:
Dungeon (12/15)            Temple (1/1) D:7             Orc (0/2) D:9
Ossuary (visited)
   Lair: D:8-11

Altars:
Ashenzari
Cheibriados
Dithmenos
Elyvilon
Fedhas
Gozag
Hepliaklqana
Kikubaaqudgha
Makhleb
Nemelex Xobeh
Okawaru
Qazlal
Ru
Sif Muna
Trog
Uskayaw
Vehumet
Wu Jian
Xom
Yredelemnul
Zin
The Shining One

Shops:
D:1 (   D:3 (


Innate Abilities, Weirdness & Mutations

You are very small and have problems with some larger weapons.
You are too small for most types of armour.
You have supernaturally acute eyesight. (SInv)
You cover ground extremely quickly. (Speed+++)


Message History

The arrow completely misses you. The basilisk gazes at you.
You resist with almost no effort.
The centaur shoots an arrow.
The arrow closely misses you.
A centaur comes into view.
The centaur shoots an arrow.
The arrow misses you.
The basilisk hisses menacingly.
The basilisk gazes at you. You resist with almost no effort.
The centaur shoots an arrow.
The arrow completely misses you.
You have turned to stone.
The centaur shoots an arrow.
The arrow hits you.
The centaur shoots an arrow.
The arrow hits you. The basilisk gazes at you.
You resist with almost no effort.
The centaur shoots an arrow.
The arrow completely misses you. The basilisk gazes at you.
You resist with almost no effort.
The centaur shoots an arrow.
The arrow hits you!
A centaur comes into view.
An acid dragon comes into view.
The basilisk gazes at you. You resist with almost no effort.
The centaur wields a +0 shortbow.
The centaur shoots an arrow.
The arrow hits you!
The centaur shouts!
The centaur is distracted by your dazzling golden aura.
The centaur wields a +0 shortbow.
The centaur shoots an arrow.
The arrow hits you.
The centaur is distracted by your dazzling golden aura.
The centaur shoots an arrow.
The arrow hits you.
The centaur shouts! x2
The centaur is no longer distracted by gold. x2
The centaur shoots an arrow.
The arrow hits you!
The centaur shoots an arrow.
The arrow hits you.
* * * LOW HITPOINT WARNING * * *
The centaur shoots an arrow.
The arrow hits you!
* * * LOW HITPOINT WARNING * * *
A centaur comes into view.
The acid dragon spits acid at you. The splash of acid hits you!!
You die...
Your body crumbles into a pile of gold.

...............#############
...............#
................#
................#
...............#
...............#
###............#
#...D........#############
#...hcl..@>.<.............
#.cc......................
....cc.......................
...).###################..###
...W. #..# .$. #..# ..
########..# . ..........###
.............


You could see a basilisk (drained), a black bear, an acid dragon (catching
breath) and 4 centaurs.

Vanquished Creatures
  Erolcha (D:11)
  3 two-headed ogres
  A cyclops (D:11)
  Prince Ribbit (D:7)
  A hornet (D:10)
  8 yaks
  3 wyverns
  A wraith (D:10)
  A steam dragon (D:8)
  2 acid dragons
  A water moccasin (D:7)
  3 orc warriors
  3 sky beasts
  2 black bears
  2 ice beasts
  2 ogres
  A centaur (D:9)
  2 phantoms
  A kobold brigand (D:9)
  2 gnoll sergeants
  4 scorpions
  A bullfrog (D:8)
  A water moccasin zombie (Ossuary)
  8 wights
  16 killer bees
  5 howler monkeys
  5 hounds
  2 gnoll boudas
  3 jellies
  9 orc priests
  5 iguanas
  2 orc wizards
  2 mummies (Ossuary)
  8 adders
  16 gnolls
  A shadow imp (D:7)
  A white imp (D:5)
  2 adder zombies (Ossuary)
  A worm (D:2)
  4 dart slugs
  32 orcs
  8 endoplasms
  4 giant cockroaches
  4 gnoll zombies (Ossuary)
  6 goblins
  8 hobgoblins
  9 jackals
  A quokka (D:2)
  10 ball pythons
  3 bats
  5 frilled lizards
  A hobgoblin zombie (Ossuary)
  14 kobolds
  5 kobold zombies (Ossuary)
  4 orc zombies (Ossuary)
  6 rats
  2 butterflies (D:8)
259 creatures vanquished.

Vanquished Creatures (others)
  A fungus (D:8)
  4 plants (D:8)
5 creatures vanquished.

Grand Total: 264 creatures vanquished

Notes
Turn   | Place    | Note
-------+----------+-------------------------------------------
     0 | D:1      | NinjaNoafa the Spriggan Hunter began the quest for the Orb.
     0 | D:1      | Reached XP level 1. HP: 10/10 MP: 2/2
    85 | D:1      | Reached XP level 2. HP: 14/14 MP: 3/3
   286 | D:1      | Reached skill level 5 in Ranged Weapons
   291 | D:1      | Found Ywa Mairef's Weapon Shoppe.
   329 | D:1      | Reached XP level 3. HP: 18/18 MP: 4/4
   760 | D:2      | Reached XP level 4. HP: 22/22 MP: 5/5
   842 | D:2      | You fall into a shaft and drop 1 floor!
  1002 | D:3      | Found Uxealyfa's Weapon Emporium.
  1048 | D:3      | Bought 2 poisoned darts for 10 gold pieces
  1048 | D:3      | Bought 2 throwing nets for 78 gold pieces
  1048 | D:3      | Bought 6 datura-tipped darts for 31 gold pieces
  1096 | D:3      | Reached skill level 6 in Ranged Weapons
  1179 | D:3      | Found a sparkling altar of Nemelex Xobeh.
  1869 | D:4      | Reached XP level 5. HP: 25/25 MP: 6/6
  1876 | D:4      | Noticed an ogre
  1915 | D:4      | Killed an ogre
  1916 | D:4      | Reached skill level 7 in Ranged Weapons
  2079 | D:4      | Found a glowing golden altar of the Shining One.
  2101 | D:4      | Noticed a phantom
  2110 | D:4      | Killed a phantom
  2111 | D:4      | Reached XP level 6. HP: 29/30 MP: 7/7
  2311 | D:4      | Reached skill level 8 in Ranged Weapons
  2459 | D:4      | Found a sand-covered staircase.
  2482 | Ossuary  | Entered an ossuary
  2803 | Ossuary  | Reached XP level 7. HP: 27/33 MP: 8/8
  3215 | D:5      | Entered Level 5 of the Dungeon
  3239 | D:5      | Reached skill level 9 in Ranged Weapons
  3862 | D:5      | Found an ornate altar of the Wu Jian Council.
  4022 | D:5      | Reached skill level 10 in Ranged Weapons
  4154 | D:5      | Reached XP level 8. HP: 37/37 MP: 9/9
  4201 | D:5      | Found an opulent altar of Gozag.
  4223 | D:5      | Became a worshipper of Gozag Ym Sagoz the Greedy
  5015 | D:6      | Reached skill level 5 in Stealth
  5094 | D:6      | Reached skill level 5 in Dodging
  5598 | D:6      | Found a burning altar of Makhleb.
  5600 | D:6      | Found a glowing silver altar of Zin.
  5601 | D:6      | Noticed an angel
  5603 | D:6      | Noticed a blizzard demon
  5752 | D:7      | Noticed Prince Ribbit
  5797 | D:7      | Killed Prince Ribbit
  5798 | D:7      | Reached XP level 9. HP: 5/41 MP: 10/10
  6178 | D:7      | Found a staircase to the Ecumenical Temple.
  6179 | D:7      | Identified the amulet "Sugg" {Faith Harm Rampage Regen+}
  6324 | Temple   | Entered the Ecumenical Temple
  6616 | D:7      | Reached skill level 10 in Dodging
  7321 | D:8      | Found a sacrificial altar of Ru.
  7405 | D:8      | Reached skill level 11 in Ranged Weapons
  8018 | D:8      | Got the Disquisition on Vapour
  8181 | D:8      | Reached skill level 1 in Evocations
  8228 | D:8      | Found a shimmering altar of Xom.
  8273 | D:8      | Reached skill level 12 in Ranged Weapons
  8836 | D:9      | Reached XP level 10. HP: 43/46 MP: 11/11
  8852 | D:9      | Found a staircase to the Orcish Mines.
  9207 | D:9      | Reached skill level 5 in Evocations
  9249 | D:9      | Noticed a two-headed ogre
  9274 | D:9      | Killed a two-headed ogre
  9632 | D:9      | Reached skill level 13 in Ranged Weapons
 10997 | D:10     | Entered Level 10 of the Dungeon
 11023 | D:10     | Noticed a two-headed ogre
 11045 | D:10     | Killed a two-headed ogre
 11064 | D:10     | Found a large runed translucent door.
 11064 | D:10     | Found a large runed translucent door.
 11167 | D:10     | Reached skill level 14 in Ranged Weapons
 11243 | D:10     | Noticed a two-headed ogre
 11259 | D:10     | Killed a two-headed ogre
 11465 | D:10     | Found a shadowy altar of Dithmenos.
 11490 | D:10     | Reached XP level 11. HP: 49/49 MP: 12/12
 11735 | D:10     | Found a bloodstained altar of Trog.
 11746 | D:10     | Reached skill level 15 in Ranged Weapons
 11813 | D:10     | Found a hide-covered altar of Uskayaw.
 11949 | D:11     | Identified a scroll of acquirement
 11949 | D:11     | Acquired a +5 arbalest of draining
 12159 | D:11     | Noticed Erolcha
 12160 | D:11     | Killed Erolcha
 12188 | D:11     | Noticed a boulder beetle
 12188 | D:11     | Noticed a centaur warrior
 12189 | D:11     | Noticed a skeletal warrior
 12378 | D:12     | Noticed a white ugly thing
 12404 | D:11     | Killed from afar by an acid dragon

Illustrated notes

Levels and vault maps discovered:
D:1:      dpeg_arrival_simpleton_a, layout_basic, serial_shops, shop
D:2:      cheibrodos_helix_gallery, layout_rooms, serial_rivers,
          chequers_serial_rivers_large_b, chequers_serial_rivers_micro_c,
          chequers_serial_rivers_marsh, chequers_serial_rivers_small_b,
          chequers_serial_rivers_micro_b
D:3:      layout_loops_ring, lemuel_doored_altar, serial_shops, shop_fountains
D:4:      layout_gridville, nicolae_tso_carved_into_rock, enter_ossuary_1
D:5:      layout_basic, mainiacjoe_overflow_boulevard,
          mainiacjoe_overflow_alcove_1
D:6:      layout_rooms, grunt_temple_overflow_order_and_chaos_2
D:7:      layout_gridville, minmay_temple_entry_ruins, palyth_stone_intersect,
          uniq_prince_ribbit1
D:8:      layout_layer_cave, nicolae_ru_the_path_less_chosen, xom_butterflies
D:9:      layout_grid_maze, david_orc_3
D:10:     layout_rooms, old_standard_altar, jmf_multi_god_temple2
D:11:     minmay_bloctagon, layout_long_grid, david_lair_generic, uniq_sonja,
          uniq_erolcha
D:12:     layout_long_grid, portal_ice_cave_demonic_guard
Temple:   bh_familiar_temple

Skill      XL: |  1  2  3  4  5  6  7  8  9 10 11 |
---------------+----------------------------------+-----
Ranged Weapons | 5 6 7 8 10 12 14 15 | 15.5
Dodging        | 3 9 10 | 10.0
Stealth        | 2 5 |  5.0
Evocations     | 4 5 |  5.0
Fighting       | |  1.5

Action                   |  1- 3 |  4- 6 |  7- 9 | 10-12 || total
-------------------------+-------+-------+-------+-------++-------
Melee: Dagger            |       |    33 |       |       ||    33
 Fire: Shortbow          |    70 |   199 |   491 |   229 ||   989
       Arbalest          |       |       |       |    11 ||    11
Throw: Dart              |       |     9 |       |       ||     9
Evoke: Wand              |       |       |     1 |     3 ||     4
  Use: Scroll            |       |       |    12 |     7 ||    19
       Potion            |       |       |       |     2 ||     2
Armor: Robe              |       |    14 |    15 |     5 ||    34
Dodge: Dodged            |     6 |    74 |   191 |   211 ||   482
Block: Other             |       |       |    17 |       ||    17

Table legend: (Time is in decaauts)
 A = Elapsed time spent in this place.
 B = Non-inter-level travel time spent in this place.
 C = Inter-level travel time spent in this place.
 D = Time resting spent in this place.
 E = Time spent auto-exploring this place.
 F = Levels seen in this place.
 G = Mean time per level.
                   A        B        C        D        E       F      G
               +--------+--------+--------+--------+--------+-----+--------+
         Total |   8785 |   8085 |    700 |    143 |   5573 |  14 |  627.5 |
       Dungeon |   8325 |   7634 |    691 |    143 |   5263 |  12 |  693.8 |
        Temple |    119 |    110 |      9 |      0 |    109 |   1 |  119.0 |
       Ossuary |    340 |    340 |      0 |      0 |    200 |   1 |  340.0 |
               +--------+--------+--------+--------+--------+-----+--------+

Top non-repeatable levels by time:
     D:8: 1170 daAuts
     D:9: 1144 daAuts
     D:5: 1121 daAuts
     D:4: 922 daAuts
     D:6: 896 daAuts
    D:10: 773 daAuts
     D:7: 668 daAuts
     D:3: 562 daAuts
     D:1: 417 daAuts
     D:2: 394 daAuts
 Ossuary: 340 daAuts
    D:11: 253 daAuts
  Temple: 119 daAuts
    D:12: 1 daAuts
